 Dungeon Crawl Stone Soup version 0.29-a0-841-g116ddc6ace (webtiles) character file.

Game seed: 3810250492361180159

586 IdlyInterested the Slasher (level 7, -6/52 HPs)
             Began as a Demonspawn Fighter on July 14, 2022.
             Killed from afar by an orc wizard (9 damage)
             ... with a magic dart
             ... on level 5 of the Dungeon.
             The game lasted 00:14:48 (4416 turns).

IdlyInterested the Slasher (Demonspawn Fighter)     Turns: 4416, Time: 00:14:49

Health: -6/52      AC: 14    Str: 16    XL:     7   Next: 15%
Magic:  0/7        EV: 10    Int: 15    God:
Gold:   400        SH:  0    Dex: 15    Spells: 6/6 levels left

rFire   . . .      SeeInvis .   a - +1 long sword
rCold   . . .      Faith    .   c - +0 buckler
rNeg    . . .      Spirit   +   o - +0 scale mail {rPois}
rPois   +          Reflect  .   d - +2 helmet
rElec   .          Harm     .   (no cloak)
rCorr   .          Rampage  .   l - +1 pair of gloves
Will    .....                   (no boots)
Stlth   ..........              (no amulet)
HPRegen 0.17/turn               g - +4 ring of slaying
MPRegen 0.20/turn               j - +6 ring of intelligence

@: confused
A: claws 1, molten scales 2, magic shield, magic regeneration
a: no special abilities


You were on level 5 of the Dungeon.
You visited 1 branch of the dungeon, and saw 5 of its levels.

You collected 400 gold pieces.

Inventory:

Hand Weapons
 a - a +1 long sword (weapon)
 r - a +3 short sword
Missiles
 q - 2 poisoned darts (quivered)
 u - 2 throwing nets
Armour
 c - a +0 buckler (worn)
 d - a +2 helmet (worn)
 e - an orb of guile
 l - a +1 pair of gloves (worn)
 o - a +0 scale mail of poison resistance (worn)
Magical Staves
 k - a staff of poison
Jewellery
 g - a +4 ring of slaying (left hand)
 j - a +6 ring of intelligence (right hand)
 p - a ring of fire
 v - a ring of resist corrosion
 w - a ring of poison resistance
Wands
 n - a wand of digging (4)
Scrolls
 m - a scroll of noise {unknown}
 t - 2 scrolls of enchant weapon
 x - a scroll of magic mapping {unknown}
 y - a scroll of blinking {unknown}
Potions
 b - a potion of might
 f - 3 potions of curing
 h - a potion of heal wounds {unknown}
 i - a potion of brilliance
 s - a potion of cancellation


   Skills:
 - Level 3.0 Fighting
 + Level 5.2 Long Blades
 - Level 2.6 Armour
 - Level 3.0 Dodging
 * Level 1.7 Stealth
 - Level 2.6 Shields
 - Level 3.0 Unarmed Combat


You had 6 spell levels left.
You didn't know any spells.
Your spell library contained the following spells:

 Spells                   Type           Power      Damage    Failure   Level
 Confusing Touch          Hex            0%         N/A       98%         3
 Summon Guardian Golem    Hex/Summ       0%         N/A       98%         3
 Summon Lightning Spire   Summ/Air       0%         N/A       100%        4
 Yara's Violent Unravell  Hex/Tmut       0%         3d3       100%        5
 Enfeeble                 Hex            0%         N/A       100%        7
 Orb of Destruction       Conj           0%         9d5       100%        7
 Spellforged Servitor     Conj/Summ      0%         N/A       100%        7
 Storm Form               Tmut/Air       0%         N/A       100%        7
 Maxwell's Capacitive Co  Air            0%         ∞         100%        8


Dungeon Overview and Level Annotations

Branches:
Dungeon (5/15)             Temple (0/1) D:5

Altars:
Nemelex Xobeh
Sif Muna

Shops:
D:5 *


Innate Abilities, Weirdness & Mutations

You have sharp fingernails.
You are mostly covered in molten scales. (AC +3)
When hurt, damage is shared between your health and your magic reserves.
You regenerate magic rapidly.


Message History

You bump into the closed door.
The jackal bites you but does no damage.
The jackal closely misses you. The black bear misses you.
The black bear claws you but does no damage. x2
The orc hits you but does no damage.
Unknown command.
You bump into the closed door.
The jackal closely misses you.
The orc wizard hits you with a +0 dagger.
* * * LOW HITPOINT WARNING * * *
The black bear bites you but does no damage.
The black bear claws you.
* * * LOW HITPOINT WARNING * * *
The black bear claws you.
* * * LOW HITPOINT WARNING * * *
The orc closely misses you.
You're too confused to move!
The jackal barely misses you.
The orc wizard points at you and mumbles some strange words.
You resist with some effort. The black bear barely misses you.
The black bear claws you but does no damage.
The black bear claws you.
* * * LOW HITPOINT WARNING * * *
The orc hits you with a +0 club.
* * * LOW HITPOINT WARNING * * *
The jackal misses you.
You hit the black bear.
The black bear is lightly wounded.
The jackal bites you but does no damage.
The black bear bites you but does no damage.
The black bear closely misses you. The black bear barely misses you.
The orc hits you but does no damage.
The orc wizard hits you but does no damage.
You bump into the closed door.
The jackal bites you but does no damage.
The black bear closely misses you.
The black bear claws you but does no damage.
The black bear claws you.
* * * LOW HITPOINT WARNING * * *
The orc wizard casts a spell at you. The magic dart hits you!
You die...

##..o##......#
.......).....#
....#/......#
......#......#
.............##
#####.∩.#.....#
..........o.o#
.....#....†o.#
...........oh@+
............h.#
..............#
...##.......##
.. #.......#
..........
..........#
..........#


You could see a black bear, an orc wizard, 3 orcs and a jackal.

Vanquished Creatures
  A black bear (D:4)
  An ogre (D:5)
  A hound (D:4)
  A jelly (D:3)
  An orc priest (D:4)
  An iguana (D:4)
  Ijyb (D:3)
  Robin (D:3)
  11 adders
  3 gnolls (D:4)
  A white imp (D:4)
  A worm (D:3)
  A dart slug (D:2)
  6 orcs
  10 ball pythons
  7 bats
  4 endoplasms
  4 giant cockroaches
  22 goblins
  11 hobgoblins
  6 jackals
  4 quokkas
  10 kobolds
  9 rats
118 creatures vanquished.

Vanquished Creatures (others)
  3 toadstools (D:3)
3 creatures vanquished.

Grand Total: 121 creatures vanquished

Notes
Turn   | Place    | Note
-------+----------+-------------------------------------------
     0 | D:1      | IdlyInterested the Demonspawn Fighter began the quest for
                  | the Orb.
     0 | D:1      | Reached XP level 1. HP: 18/18 MP: 1/1
    41 | D:1      | Reached skill level 2 in Long Blades
    43 | D:1      | Reached skill level 1 in Dodging
    69 | D:1      | Gained mutation: You regenerate magic rapidly. [demonic
                  | ancestry]
    69 | D:1      | Reached XP level 2. HP: 24/24 MP: 2/2
   793 | D:1      | Gained mutation: You are partially covered in molten
                  | scales. (AC +2) [demonic ancestry]
   793 | D:1      | Reached XP level 3. HP: 29/29 MP: 3/3
  1235 | D:2      | Found a faded altar of an unknown god.
  1433 | D:2      | Gained mutation: You are mostly covered in molten scales.
                  | (AC +3) [demonic ancestry]
  1433 | D:2      | Reached XP level 4. HP: 35/35 MP: 4/4
  1669 | D:2      | Found a shimmering blue altar of Sif Muna.
  2050 | D:3      | Reached skill level 3 in Long Blades
  2321 | D:3      | Noticed Robin
  2340 | D:3      | Gained mutation: You have sharp fingernails. [demonic
                  | ancestry]
  2340 | D:3      | Reached XP level 5. HP: 16/41 MP: 5/5
  2342 | D:3      | Killed Robin
  2781 | D:3      | Noticed Ijyb
  2791 | D:3      | Killed Ijyb
  2792 | D:3      | Reached skill level 4 in Long Blades
  2792 | D:3      | Reached skill level 1 in Unarmed Combat
  3432 | D:4      | Gained mutation: When hurt, damage is shared between your
                  | health and your magic reserves. [demonic ancestry]
  3432 | D:4      | Reached XP level 6. HP: 47/47 MP: 6/6
  4121 | D:4      | Reached skill level 5 in Long Blades
  4122 | D:4      | Found a sparkling altar of Nemelex Xobeh.
  4378 | D:5      | Entered Level 5 of the Dungeon
  4378 | D:5      | Found Zonlud's Assorted Antiques.
  4393 | D:5      | Found a staircase to the Ecumenical Temple.
  4400 | D:5      | Reached skill level 1 in Stealth
  4400 | D:5      | Reached XP level 7. HP: 13/52 MP: 2/7
  4416 | D:5      | Killed from afar by an orc wizard

Illustrated notes

Levels and vault maps discovered:
D:1:      dpeg_arrival_subterranean_lakeside_camping, layout_basic
D:2:      layout_basic, basic_altar, hellmonk_ecumenical_altar_blasted,
          patterned_corridor
D:3:      layout_basic, st_stairs_10, minmay_gold_behind_fungi,
          hangedman_decor_clover_reticule, minmay_joined_circles, uniq_robin,
          uniq_ijyb
D:4:      layout_loops_corners, mainiacjoe_overflow_small_starburst
D:5:      minmay_chambers_of_threes, layout_gridville, vehumet_altar_wand_db,
          minmay_temple_entry_stoned_glass, serial_shops, nicolae_shop_stone

Skill      XL: |  1  2  3  4  5  6 |
---------------+-------------------+-----
Long Blades    | 2 3 4 5 |  5.2
Dodging        | 1 2 3 |  3.0
Unarmed Combat | 1 3 |  3.0
Stealth        | 1 |  1.7
Fighting       | |  3.0
Armour         | |  2.6
Shields        | |  2.6

Action                   |  1- 3 |  4- 6 |  7- 9 || total
-------------------------+-------+-------+-------++-------
Melee: Long sword        |   106 |   198 |     3 ||   307
  Use: Scroll            |     2 |     4 |       ||     6
       Potion            |       |     4 |       ||     4
Armor: Scale mail        |    63 |   114 |    26 ||   203
Dodge: Dodged            |    66 |   119 |    20 ||   205
Block: Buckler           |    20 |    58 |     1 ||    79

Table legend: (Time is in decaauts)
 A = Elapsed time spent in this place.
 B = Non-inter-level travel time spent in this place.
 C = Inter-level travel time spent in this place.
 D = Time resting spent in this place.
 E = Time spent auto-exploring this place.
 F = Levels seen in this place.
 G = Mean time per level.
                   A        B        C        D        E       F      G
               +--------+--------+--------+--------+--------+-----+--------+
         Total |   4481 |   4032 |    449 |    992 |   2103 |   5 |  896.2 |
       Dungeon |   4481 |   4032 |    449 |    992 |   2103 |   5 |  896.2 |
               +--------+--------+--------+--------+--------+-----+--------+

Top non-repeatable levels by time:
     D:3: 1326 daAuts
     D:1: 1210 daAuts
     D:2: 964 daAuts
     D:4: 939 daAuts
     D:5: 40 daAuts
